 Dungeon Crawl Stone Soup version 0.27-a0-1048-g7ee7857c10 (webtiles) character file.

Game seed: 6417715766949827707

196862 hofbold the Frost Mage (level 18, -14/144 HPs)
             Began as a Barachi Ice Elementalist on Apr 17, 2021.
             Was the Champion of Lugonu.
             Demolished by a bunyip (27 damage)
             ... on level 2 of the Swamp on Apr 20, 2021.
             The game lasted 03:01:45 (57061 turns).

hofbold the Frost Mage (Barachi Ice Elementalist)  Turns: 57061, Time: 03:01:46

Health: -14/144    AC: 17    Str: 13    XL:     18   Next: 39%
Magic:  21/33      EV: 17    Int: 30    God:    Lugonu [******]
Gold:   1504       SH: 10    Dex: 13    Spells: 11/40 levels left

rFire    . . .     SeeInvis +   d - +8 autumn katana {vorpal, Clar}
rCold    . . .     Faith    .   b - +0 buckler
rNeg     + . .     Spirit   .   Z - +2 robe {Archmagi}
rPois    +         Reflect  +   U - +2 hat of Midsummer {Int+5}
rElec    .         Harm     .   s - +0 cloak "Yseetz" {Str+2}
rCorr    +         Rampage  .   T - +3 pair of gauntlets of War {Slay+5}
Will     +....     Clarity  +   E - +2 pair of boots
Stlth    +++.......             Y - amulet of reflection
HPRegen  0.34/turn              i - ring of see invisible
MPRegen  0.23/turn              G - ring of the First Friends {rPois rN+ rCorr Int+3}

@: unable to hop, studying 2 skills, slow
A: +LOS, amphibious, slowness 1, strong legs 2
}: 1/15 runes: gossamer
a: Hop, Renounce Religion, Depart the Abyss, Bend Space, Banish, Corrupt, Enter
the Abyss, Brand Weapon With Distortion


You were on level 2 of the Swamp.
You worshipped Lugonu.
Lugonu was exalted by your worship.
You visited 7 branches of the dungeon, and saw 32 of its levels.
You visited the Abyss 2 times.
You also visited: Gauntlet.

You collected 4009 gold pieces.
You spent 2505 gold pieces at shops.

Inventory:

Hand Weapons
 d - the +8 autumn katana (weapon) {vorpal, Clar}
   (You acquired it on level 4 of the Lair of Beasts)

   It inflicts extra damage upon your enemies.
   It protects you against confusion.
 h - the +3 whip "Viplus" {speed, rN+++ Will+++ Int-3 Dex-3}
   (You found it in a Gauntlet)

   Attacks with this weapon are significantly faster.
   It affects your intelligence (-3).
   It affects your dexterity (-3).
   It renders you almost immune to negative energy.
   It greatly increases your willpower.
 o - a +5 trident of draining
 R - a +5 scimitar of flaming
Missiles
 q - 4 throwing nets
 t - 36 boomerangs
 B - 14 javelins
 D - 111 poisoned darts (quivered)
 O - 5 boomerangs of dispersal
 S - 4 silver javelins
Armour
 b - a +0 buckler (worn)
 s - the +0 cloak "Yseetz" (worn) {Str+2}
   (You bought it in a shop on level 2 of the Orcish Mines)

   It affects your strength (+2).
 E - a +2 pair of boots (worn)
 L - the +0 hat "Juxodowu" {rElec Stlth+}
   (You found it on level 9 of the Dungeon)

   It insulates you from electricity.
   It makes you more stealthy.
 P - the +3 chain mail "Myzynaid" {rPois rCorr}
   (You found it on level 6 of the Lair of Beasts)

   It protects you from poison.
   It protects you from acid and corrosion.
 T - the +3 pair of gauntlets of War (worn) {Slay+5}
   (You bought it in a shop on level 2 of the Orcish Mines)

   It affects your accuracy and damage with ranged weapons and melee attacks
   (+5).
 U - the +2 hat of Midsummer (worn) {Int+5}
   (You found it on level 2 of the Vaults)

   It affects your intelligence (+5).
 Z - a +2 robe of the Archmagi (worn)
Jewellery
 i - a ring of see invisible (left hand)
 F - the ring "Zeapsoh" {Fly Dex+3}
   (You took it off an orc on level 7 of the Dungeon)

   [ring of flight]

   It affects your dexterity (+3).
   It grants you flight.
 G - the ring of the First Friends (right hand) {rPois rN+ rCorr Int+3}
   (You found it on level 3 of the Lair of Beasts)

   [ring of resist corrosion]

   It affects your intelligence (+3).
   It protects you from poison.
   It protects you from negative energy.
   It protects you from acid and corrosion.
 K - a +4 ring of evasion
 N - a +4 ring of protection
 Y - an amulet of reflection (around neck)
Wands
 l - a wand of polymorph (17)
 p - a wand of digging (7)
 y - a wand of iceblast (41)
 I - a wand of charming (18)
 J - a wand of paralysis (29)
Scrolls
 g - 7 scrolls of teleportation
 j - 4 scrolls of magic mapping
 r - 2 scrolls of blinking
 v - a scroll of fog
 H - 2 scrolls of fear
 M - 3 scrolls of enchant weapon
 Q - 6 scrolls of identify
 X - 2 scrolls of enchant armour
Potions
 a - 14 potions of curing
 c - 2 potions of heal wounds
 e - 3 potions of brilliance
 f - 2 potions of resistance
 k - 5 potions of haste
 m - 5 potions of lignification
 n - 3 potions of magic
 u - 4 potions of flight
 x - a potion of cancellation
 z - 3 potions of invisibility
 A - 4 potions of mutation
 C - 3 potions of might
 V - 5 potions of attraction
 W - 2 potions of berserk rage
Miscellaneous
 w - a box of beasts (inert)


   Skills:
 + Level 13.4 Fighting
 + Level 10.5 Long Blades
 - Level 6.0 Throwing
 + Level 13.4 Armour
 + Level 12.7 Dodging
 - Level 5.0 Stealth
 - Level 4.0 Shields
 + Level 11.8 Spellcasting
 + Level 5.7 Conjurations
 + Level 12.4 Summonings
 - Level 5.0 Translocations
 + Level 14.3 Ice Magic
 + Level 6.8 Invocations
 - Level 10.0 Evocations


You had 11 spell levels left.
You knew the following spells:

 Your Spells              Type           Power      Damage    Failure   Level
a - Freeze                Ice            100%       1d11      0%          1
b - Frozen Ramparts       Ice            100%       1d12      1%          3
c - Summon Ice Beast      Ice/Summ       98%        N/A       1%          4
d - Ozocubu's Refrigerat  Ice            50%        4d15      7%          7
e - Shadow Creatures      Summ           N/A        N/A       2%          6
f - Hailstorm             Conj/Ice       87%        3d17      1%          4
w - Passwall              Tmut/Erth      21%        N/A       4%          2
x - Blink                 Tloc           N/A        N/A       1%          2

Your spell library contained the following spells:

 Spells                   Type           Power      Damage    Failure   Level
 Foxfire                  Conj/Fire      100%       2x1d9     1%          1
 Magic Dart               Conj           100%       1d8       1%          1
 Summon Small Mammal      Summ           100%       N/A       1%          1
 Call Imp                 Summ           95%        N/A       1%          2
 Call Canine Familiar     Summ           95%        N/A       1%          3
 Gell's Gravitas          Tloc           32%        N/A       1%          3
 Ozocubu's Armour         Ice            100%       N/A       1%          3
 Summon Guardian Golem    Hex/Summ       70%        N/A       1%          3
 Ice Form                 Ice/Tmut       74%        N/A       1%          4
 Conjure Flame            Conj/Fire      51%        6-21      2%          3
 Stone Arrow              Conj/Erth      100%       3d13      2%          3
 Animate Armour           Summ/Erth      100%       N/A       2%          4
 Summon Lightning Spire   Summ/Air       70%        N/A       2%          4
 Summon Forest            Summ/Tloc      40%        N/A       2%          5
 Animate Skeleton         Necr           52%        N/A       3%          1
 Beastly Appendage        Tmut           52%        N/A       3%          1
 Pain                     Necr           100%       1d9       3%          1
 Sandblast                Erth           52%        2d12      3%          1
 Slow                     Hex            26%        N/A       4%          2
 Wereblood                Tmut           26%        N/A       4%          2
 Mephitic Cloud           Conj/Pois/Air  44%        N/A       4%          3
 Metabolic Englaciation   Hex/Ice        37%        N/A       4%          5
 Summon Mana Viper        Hex/Summ       70%        N/A       6%          5
 Iskenderun's Battlesphe  Conj           68%        2d12      8%          5
 Confusing Touch          Hex            26%        N/A       9%          3
 Inner Flame              Hex/Fire       26%        N/A       9%          3
 Spider Form              Tmut/Pois      13%        N/A       9%          3
 Vampiric Draining        Necr           13%        2d7       9%          3
 Sticky Flame             Conj/Fire      51%        2d7       9%          4
 Summon Hydra             Summ           47%        N/A       16%         7
 Fireball                 Conj/Fire      25%        3d11      24%         5
 Simulacrum               Ice/Necr       37%        N/A       24%         6
 Animate Dead             Necr           13%        N/A       28%         4
 Cause Fear               Hex            13%        N/A       28%         4
 Petrify                  Tmut/Erth      26%        N/A       28%         4
 Freezing Cloud           Conj/Ice/Air   36%        6-21      28%         6
 Bolt of Magma            Conj/Fire/Erth 22%        4d11      36%         5
 Spellforged Servitor     Conj/Summ      41%        N/A       52%         7
 Agony                    Necr           26%        N/A       63%         5
 Hydra Form               Tmut           13%        N/A       63%         5
 Lee's Rapid Deconstruct  Erth           13%        3d10*     63%         5
 Silence                  Hex/Air        13%        N/A       63%         5
 Yara's Violent Unravell  Hex/Tmut       13%        3d7       63%         5
 Iron Shot                Conj/Erth      25%        9d5       80%         6
 Orb of Destruction       Conj           34%        9d12      92%         7
 Statue Form              Tmut/Erth      17%        N/A       99%         6
 Discord                  Hex            13%        N/A       100%        8


Dungeon Overview and Level Annotations

Branches:
Dungeon (15/15)            Temple (1/1) D:6            Lair (6/6) D:8
  Swamp (2/4) Lair:2       Spider (4/4) Lair:3        Slime (0/5) Lair:5
    Orc (2/2) D:12            Elf (0/3) Orc:2        Vaults (2/5) D:14
  Crypt (0/3) Vaults:2     Depths (0/5) D:15        Gauntlet (visited)

Altars:
Ashenzari
Cheibriados
Dithmenos
Elyvilon
Fedhas
Gozag
Hepliaklqana
Kikubaaqudgha
Makhleb
Nemelex Xobeh
Okawaru
Qazlal
Ru
Sif Muna
Trog
Uskayaw
Vehumet
Wu Jian
Xom
Yredelemnul
Zin
The Shining One
Beogh

Shops:
D:1 ?   D:9 !   Orc:2 *?[*[   Vaults:1 (

Portals:
Ice
Cave: D:15

Annotations:
Lair:3 exclusion: obsidian statue
Lair:4 exclusion: 4 oklob plants
Swamp:2 corrupted
Spider:2 1 runed translucent door, dricus's ghost, adept DjAE
Spider:3 1 runed translucent door, Egusewex's ghost, adept GnWn
Orc:2 3 runed translucent doors, Tiny's ghost, journeyman SpFi
Vaults:2 corrupted, 2 runed translucent doors, Boris


Innate Abilities, Weirdness & Mutations

You have an extended range of vision and can be seen from far away.
You are amphibious.
You cover ground slowly.
You can hop long distances.


Message History

The spectral fenstrider witch is destroyed!
The injured rakshasa weaves a defensive illusion!
A starcursed mass splits.
The orange demon is engulfed in spectral mist.
The small abomination hits something.
The small abomination hits the spectral spriggan air mage!
The small abomination closely misses the spectral spriggan air mage.
The spectral spriggan air mage fades away!
The tentacled monstrosity closely misses the rakshasa.
The tentacled monstrosity tentacle-slaps the rakshasa.
The tentacled monstrosity tentacle-slaps the rakshasa but does no damage.
The tentacled monstrosity grabs the rakshasa.
The tentacled monstrosity constricts the rakshasa!
The rakshasa dies!
The rakshasa shimmers and vanishes!
The small abomination hits the tentacled monstrosity!
The tentacled monstrosity dies!
A starcursed mass splits.
The ufetubus disappears in a puff of smoke!
The bunyip claws you!!! You block the bunyip's attack. The bunyip claws you!!
* * * LOW HITPOINT WARNING * * *
Aiming: Paralyse
Press: ? - help, Shift-Dir - straight line, f - bunyip
Aim: a bunyip (chance to affect: 37%)
The bunyip resists with some effort.
Casting: Shadow Creatures (dangerous; 2% risk of failure)
Confirm with . or Enter, or press ? or * to list all spells.
You feel a surge of power!
You blink.
Found an onyx ring.
Casting: Blink (safe; 1% risk of failure)
Confirm with . or Enter, or press ? or * to list all spells.
You feel a surge of power!
You blink.
Floosh!
The bunyip howls a warning cry!
There is an escape hatch in the ceiling, spattered with blood here.
The large abomination hits the bunyip!!
You block the bunyip's attack. The bunyip claws you!!
* * * LOW HITPOINT WARNING * * *
The bunyip claws you!!
You die...

♣≈ ♣≈<.♣♣♣.♣ ♣.
♣♣..♣♣♣..♣♣♣ ♣.♣♣
♣..≈..♣.♣§≈♣ ♣..♣
♣>.≈≈§≈≈≈≈.. ♣.=♣♣ ♣♣♣
♣♣.≈.≈≈≈.♣♣.. ♣..♣♣
♣♣.♣♣♣♣.≈≈.≈≈.♣♣ .. ♣.≈.♣♣
≈≈≈♣♣≈≈.≈.♣≈.♣♣♣.
♣♣...♣♣♣♣♣≈♣♣≈♣≈≈≈≈.≈≈.♣. >
♣.≈≈..♣♣≈x@♣♣≈≈.≈.≈≈..♣.♣≈.
♣♣.≈≈.≈.≈X...≈≈≈♣..≈≈.♣.#≈.
♣.≈≈≈≈≈≈≈♣≈≈...≈≈≈.#..♣#..
♣..≈≈...≈♣≈≈.♣...#....♣...
♣♣.≈≈..♣≈.≈≈.♣.(#.X...x#..
♣≈≈....≈♣.≈.♣♣♣.#.x#.X#☼.
♣.≈≈≈≈).♣.≈.♣♣#..X†#○.°.3
♣♣.≈≈..♣♣<≈.(#♣.♣XX.#X.#☼
♣..≈.♣♣.>.♣.♣#♣#.#X.X.☼.


You could see a bunyip and a neutral large abomination (summoned).

Vanquished Creatures
  Arachne (Spider:3)
  A lich (Vaults:2)
  A tengu reaver (Vaults:2)
  4 ghost moths
  4 emperor scorpions (Spider:4)
  2 ironbound preservers (Vaults:2)
  4 very ugly things (Vaults:1)
  2 dire elephants (Vaults:1)
  2 entropy weavers (Spider:2)
  A bunyip (Swamp:2)
  A minotaur (Gauntlet)
  2 eleionomae (Swamp:1)
  A shambling mangrove (Swamp:1)
  3 hydras
  Harold (D:7)
  3 boulder beetles
  8 centaur warriors
  2 ironbound thunderhulks
  An alligator (Swamp:1)
  3 catoblepae (Lair:6)
  A death knight (Vaults:2)
  3 two-headed ogres
  4 death yaks (Lair:6)
  2 tengu warriors
  The ghost of TotallyNotGC the Fighter, a novice MiBe of Trog (D:7)
  2 ironbound beastmasters (Vaults:1)
  An orc high priest (Orc:2)
  Urug (Lair:3)
  4 skeletal warriors
  4 goliath frogs
  2 spriggan druids (Swamp:1)
  A bog body (Swamp:1)
  3 deep trolls
  5 ironbound convokers
  4 wizards
  2 deep elf zephyrmancers (D:9)
  7 orc knights
  A deep elf pyromancer (D:15)
  The ghost of celly00 the Tainter, a novice NaVM of Vehumet (D:6)
  7 orb spiders
  An oklob plant (Gauntlet)
  19 ugly things
  19 wolf spiders
  2 orc sorcerers (Orc:2)
  2 manticores
  2 moths of wrath
  6 cyclopes
  A naga mage (Vaults:2)
  A centaur zombie (D:11)
  5 vault sentinels
  4 black mambas
  4 elephants (Lair:3)
  11 cane toads
  An ice statue (Gauntlet)
  A gargoyle (D:11)
  Maggie (D:10)
  Psyche (D:9)
  3 rime drakes
  4 kobold demonologists
  2 komodo dragons
  A minotaur zombie (Gauntlet)
  A torpor snail (Spider:1)
  2 yaktaurs
  An efreet (D:15)
  An unseen horror (D:13)
  A tengu conjurer (Vaults:2)
  5 demonic crawlers
  A polar bear (Lair:5)
  A meliai (Gauntlet)
  25 jumping spiders
  4 hornets
  8 trolls
  3 tyrant leeches
  2 wolf spider simulacra (Gauntlet)
  5 blink frogs
  2 slime creatures (D:13)
  A shadow (D:12)
  2 centaur simulacra (Gauntlet)
  5 wraiths
  6 wyverns
  12 flying skulls (D:14)
  24 tarantellas
  3 vampires
  2 basilisks
  39 redbacks
  A spriggan (Swamp:1)
  4 nameless horrors
  61 yaks
  16 humans (D:14)
  3 vampire mosquitoes
  2 wargs
  4 acid dragons
  6 swamp worms
  11 water moccasins
  2 harpy simulacra (Gauntlet)
  44 orc warriors
  4 swamp drakes
  A meliai simulacrum (Gauntlet)
  4 ice beasts
  7 wolves
  5 ogres
  23 centaurs
  2 phantoms
  A kobold brigand (D:9)
  3 bullfrogs
  2 scorpions
  A water moccasin zombie (D:7)
  A gnoll sergeant (D:4)
  A hornet simulacrum (Gauntlet)
  7 killer bees
  3 wights (D:7)
  5 howler monkeys
  6 jellies
  8 electric eels
  A crimson imp (D:9)
  A bullfrog zombie (D:6)
  A hound (D:6)
  8 orc priests
  3 gnoll shamans
  An iron imp (D:9)
  A bullfrog skeleton (D:7)
  4 iguanas
  28 orc wizards
  3 killer bee zombies
  A hound zombie (D:5)
  2 howler monkey zombies
  5 adders
  22 gnolls
  A howler monkey skeleton (D:5)
  2 shadow imps
  2 white imps
  An adder skeleton (D:4)
  A worm (D:6)
  2 dart slugs
  73 orcs
  7 ball pythons
  9 bats
  5 endoplasms
  4 giant cockroaches
  7 goblins
  4 hobgoblins
  7 jackals (D:1)
  6 quokkas
  2 frilled lizards
  10 kobolds
  7 rats
819 creatures vanquished.

Vanquished Creatures (collateral kills)
  Rupert (D:14)
  Kirke (D:14)
  A thorn hunter (Swamp:2)
  Roxanne (Spider:4)
  3 ironbound preservers
  3 emperor scorpions
  2 very ugly things (Vaults:1)
  Nessos (D:14)
  3 dire elephants (Vaults:1)
  A bunyip (Lair:2)
  An eleionoma (Swamp:2)
  An ironbound thunderhulk (Vaults:1)
  2 boulder beetles
  A hydra (D:14)
  A centaur warrior (Vaults:1)
  An ironbound frostheart (Vaults:1)
  2 two-headed ogres
  A death knight (Vaults:2)
  A death yak (Lair:6)
  An orc high priest (Orc:1)
  An ironbound beastmaster (Vaults:1)
  Sonja (D:11)
  A storm dragon zombie (Vaults:1)
  7 skeletal warriors
  A slime creature (Vaults:1)
  9 deep trolls
  A goliath frog (Swamp:1)
  2 bog bodies
  5 orc knights
  2 ironbound convokers (Vaults:1)
  11 orb spiders
  A necromancer (Vaults:1)
  A phantasmal warrior (D:15)
  A will-o-the-wisp (Swamp:1)
  5 wolf spiders
  9 ugly things
  A manticore (Lair:6)
  A sphinx skeleton (D:15)
  A smoke demon (Abyss:1)
  3 black mambas
  A vault sentinel (Vaults:2)
  A torpor snail (Swamp:1)
  A cane toad (Lair:3)
  2 rime drakes
  A kobold demonologist (D:12)
  10 demonic crawlers
  2 komodo dragons
  A tengu conjurer (D:14)
  2 trolls
  A bloated husk (Swamp:2)
  8 jumping spiders
  8 blink frogs
  8 tyrant leeches
  A frost giant simulacrum (Vaults:1)
  14 redbacks
  4 flying skulls (D:14)
  A deep troll skeleton (D:15)
  12 yaks
  An ice dragon skeleton (D:15)
  An ettin skeleton (D:15)
  A hog (D:14)
  8 tarantellas
  A basilisk (D:15)
  5 vampire mosquitoes
  A human simulacrum (Vaults:1)
  6 swamp worms
  A water moccasin (Lair:2)
  4 nameless horrors
  11 orc warriors
  2 swamp drakes (Swamp:1)
  A black bear (Lair:5)
  The ghost of Morbidden the Skirmisher, an amateur DgFi (D:4)
  7 centaurs
  2 bullfrogs
  A scorpion (Lair:3)
  A killer bee (D:11)
  2 howler monkeys (D:12)
  2 orc priests
  2 orc wizards (Orc:1)
  A gnoll (D:4)
  12 orcs
  5 briar patches (Swamp:2)
250 creatures vanquished.

Vanquished Creatures (others)
  An ancient lich (Vaults:2)
  A tentacled monstrosity (Swamp:2)
  A lich (Vaults:2)
  A ghost moth (Spider:4)
  An ironbound thunderhulk (Vaults:2)
  A ghost crab (Swamp:2)
  A deep troll (Vaults:2)
  A swamp dragon (Swamp:2)
  An ironbound convoker (Vaults:2)
  3 wizards (Vaults:2)
  A naga mage (Vaults:2)
  2 tyrant leeches
  4 humans (D:14)
  A vampire mosquito (Swamp:2)
  A swamp drake (Swamp:2)
  An orc wizard (Orc:2)
  A rat (D:6)
  17 foxfires
  17 fungi
  96 plants
  8 starspawn tentacles (Vaults:2)
  15 withered plants
176 creatures vanquished.

Grand Total: 1245 creatures vanquished

Notes
Turn   | Place    | Note
-------+----------+-------------------------------------------
     0 | D:1      | hofbold the Barachi Ice Elementalist began the quest for
                  | the Orb.
     0 | D:1      | Reached XP level 1. HP: 13/13 MP: 3/3
   219 | D:1      | Reached XP level 2. HP: 20/20 MP: 3/5
   226 | D:1      | Reached skill level 5 in Ice Magic
   317 | D:1      | Found a faded altar of an unknown god.
   323 | D:1      | Found Tienn's Magic Scroll Boutique.
   336 | D:1      | Reached skill level 1 in Fighting
   336 | D:1      | Reached skill level 1 in Armour
   637 | D:1      | Reached XP level 3. HP: 20/26 MP: 3/6
   658 | D:1      | Learned a level 3 spell: Frozen Ramparts
  1630 | D:2      | Reached XP level 4. HP: 32/32 MP: 6/8
  1769 | D:2      | Reached XP level 5. HP: 21/38 MP: 4/9
  2892 | D:3      | Identified a scroll of acquirement
  2892 | D:3      | Acquired a +5 trident of venom
  2961 | D:3      | Found an ancient bone altar of Kikubaaqudgha.
  3340 | D:4      | Found a transporter.
  3525 | D:4      | Reached XP level 6. HP: 41/46 MP: 6/10
  3974 | D:4      | Found a transporter.
  3977 | D:4      | Identified the -3 kite shield of the Original Sin {Str-5
                  | Int+4 Stlth+}
  3980 | D:4      | Noticed Morbidden's ghost (amateur DgFi)
  4355 | D:5      | Entered Level 5 of the Dungeon
  4372 | D:5      | Reached skill level 6 in Ice Magic
  4548 | D:5      | Reached XP level 7. HP: 29/52 MP: 7/12
  5027 | D:5      | Found a burning altar of Makhleb.
  5468 | D:6      | Noticed a kobold demonologist
  5475 | D:6      | Noticed an orange demon
  5476 | D:6      | Killed a kobold demonologist
  5477 | D:6      | Reached skill level 1 in Throwing
  5477 | D:6      | Reached XP level 8. HP: 60/60 MP: 10/14
  5627 | D:6      | Found a staircase to the Ecumenical Temple.
  5634 | Temple   | Entered the Ecumenical Temple
  5929 | D:6      | Found a shimmering blue altar of Sif Muna.
  6168 | D:6      | Reached skill level 5 in Dodging
  6245 | D:6      | Found an ornate altar of the Wu Jian Council.
  6319 | D:6      | Found a runed translucent door.
  6320 | D:6      | Noticed celly00's ghost (novice NaVM)
  6349 | D:6      | Reached skill level 7 in Ice Magic
  6477 | D:6      | Found a runed translucent door.
  6753 | D:7      | Noticed Harold
  6766 | D:7      | Killed Harold
  6767 | D:7      | Reached skill level 5 in Fighting
  6767 | D:7      | Reached skill level 5 in Armour
  6767 | D:7      | Reached skill level 5 in Spellcasting
  6767 | D:7      | Reached XP level 9. HP: 45/68 MP: 8/16
  6776 | D:7      | Found a runed translucent gate.
  6776 | D:7      | Found a runed translucent gate.
  7576 | D:7      | Found a radiant altar of Vehumet.
  7578 | D:7      | Found a glowing golden altar of the Shining One.
  7580 | D:7      | Found a blossoming altar of Fedhas.
  7771 | D:7      | Identified the ring "Zeapsoh" {Fly Dex+3}
  7773 | D:7      | Noticed a troll
  7775 | D:7      | Noticed a cyclops
  7836 | D:7      | Found a runed translucent gate.
  7836 | D:7      | Noticed TotallyNotGC's ghost (novice MiBe)
  7863 | D:7      | Found a transporter.
  7863 | D:7      | Found a transporter.
  7874 | D:7      | Acquired a book of Ice
  7881 | D:7      | Learned a level 4 spell: Summon Ice Beast
  7889 | D:7      | Learned a level 7 spell: Ozocubu's Refrigeration
  8360 | D:7      | Reached skill level 1 in Summonings
  8760 | D:7      | Reached skill level 8 in Ice Magic
  8760 | D:7      | Reached XP level 10. HP: 66/76 MP: 15/18
  9365 | D:8      | Found a staircase to the Lair.
  9538 | D:7      | Became a worshipper of Vehumet
  9859 | D:8      | Reached skill level 5 in Stealth
 10119 | D:8      | Found a shadowy altar of Dithmenos.
 10808 | D:9      | Found Qaxu's Distillery.
 11005 | D:9      | Bought a potion of heal wounds for 85 gold pieces
 11005 | D:9      | Bought a potion of curing for 51 gold pieces
 11005 | D:9      | Bought a potion of curing for 51 gold pieces
 11020 | D:9      | Noticed Psyche
 11027 | D:9      | Paralysed by Psyche for 7 turns
 11036 | D:9      | Paralysed by something for 2 turns
 11190 | D:9      | Reached XP level 11. HP: 79/84 MP: 20/20
 11195 | D:9      | Reached * piety under Vehumet
 11195 | D:9      | Offered knowledge of Magic Dart by Vehumet.
 11340 | D:9      | Noticed a deep elf zephyrmancer
 11355 | D:9      | Killed a deep elf zephyrmancer
 11356 | D:9      | Reached skill level 9 in Ice Magic
 11356 | D:9      | Reached skill level 5 in Evocations
 11359 | D:9      | Reached skill level 5 in Throwing
 11528 | D:9      | Noticed a two-headed ogre
 11553 | D:9      | Killed a two-headed ogre
 11610 | D:9      | Noticed a two-headed ogre
 11622 | D:9      | Killed a two-headed ogre
 11770 | D:9      | Killed Psyche
 12165 | D:9      | Noticed a cyclops
 12288 | D:9      | Noticed a manticore
 12307 | D:9      | Killed a manticore
 12308 | D:9      | Reached skill level 5 in Summonings
 12493 | D:9      | Killed a cyclops
 12531 | D:9      | Noticed a deep elf zephyrmancer
 12539 | D:9      | Killed a deep elf zephyrmancer
 12541 | D:9      | Identified the +0 hat "Juxodowu" {rElec Stlth+}
 12788 | Lair:1   | Entered Level 1 of the Lair of Beasts
 13002 | D:1      | Bought a scroll of identify for 24 gold pieces
 13002 | D:1      | Bought a scroll of identify for 24 gold pieces
 13002 | D:1      | Bought a scroll of teleportation for 36 gold pieces
 13002 | D:1      | Bought a scroll of teleportation for 36 gold pieces
 13002 | D:1      | Bought a scroll of enchant weapon for 90 gold pieces
 13002 | D:1      | Bought a scroll of identify for 24 gold pieces
 13002 | D:1      | Bought a scroll of enchant armour for 90 gold pieces
 13113 | D:4      | Killed Morbidden's ghost
 13572 | Lair:1   | Reached ** piety under Vehumet
 14175 | Lair:1   | Offered knowledge of Foxfire by Vehumet.
 14194 | Lair:1   | Reached XP level 12. HP: 46/93 MP: 11/23
 14194 | Lair:1   | Upgraded the game from 0.27-a0-998-g4cfe56dd59 to
                  | 0.27-a0-1026-gbab068f60c
 14440 | Lair:1   | You fall into a shaft and drop 1 floor!
 14992 | Lair:1   | Reached skill level 10 in Ice Magic
 15422 | Lair:2   | Identified the +8 short sword of Yredelemnul {drain, Dex+3}
 16487 | Lair:2   | Found a staircase to the Swamp.
 17071 | Lair:3   | Noticed Urug
 17368 | Lair:3   | Found a hole to the Spider Nest.
 17569 | Lair:3   | Killed Urug
 17796 | Lair:3   | Offered knowledge of Stone Arrow by Vehumet.
 17958 | Lair:3   | Reached skill level 1 in Long Blades
 19174 | Lair:4   | Reached *** piety under Vehumet
 19841 | Lair:4   | Gained mutation: You can hop long distances. [Barachi
                  | growth]
 19841 | Lair:4   | Reached XP level 13. HP: 60/101 MP: 25/25
 20164 | Lair:4   | Acquired 792 gold pieces
 20166 | Lair:4   | Acquired the +8 autumn katana {vorpal, Clar}
 20167 | Lair:4   | Found the +8 autumn katana {vorpal, Clar}
 20212 | Lair:5   | Found a staircase to the Slime Pits.
 21501 | Lair:6   | Entered Level 6 of the Lair of Beasts
 21507 | Lair:6   | Reached skill level 11 in Ice Magic
 21951 | Lair:6   | Offered knowledge of Iskenderun's Mystic Blast by Vehumet.
 21953 | Lair:6   | Reached skill level 10 in Armour
 21958 | Lair:6   | Learned a level 2 spell: Blink
 22866 | Lair:6   | Reached skill level 10 in Fighting
 23407 | Lair:6   | Reached **** piety under Vehumet
 23909 | Lair:6   | Identified the +3 chain mail "Myzynaid" {rPois rCorr}
 24276 | D:6      | Killed celly00's ghost
 24459 | D:7      | Killed TotallyNotGC's ghost
 24599 | D:7      | Reached skill level 5 in Long Blades
 24629 | D:7      | Offered knowledge of Fulminant Prism by Vehumet.
 24631 | D:7      | Reached skill level 10 in Dodging
 25177 | D:10     | Entered Level 10 of the Dungeon
 25178 | D:10     | Noticed Maggie
 25189 | D:10     | Killed Maggie
 25411 | D:10     | Reached XP level 14. HP: 99/111 MP: 27/27
 25426 | D:10     | Reached skill level 1 in Translocations
 25488 | D:10     | Found a shimmering altar of Xom.
 25794 | D:10     | Found a sparkling altar of Nemelex Xobeh.
 26219 | D:11     | Noticed Sonja
 26239 | D:11     | Cast into level 1 of the Abyss (Sonja)
 26289 | Abyss:1  | Noticed a starcursed mass
 26326 | Abyss:1  | Found a corrupted altar of Lugonu.
 26417 | Abyss:1  | Noticed a starcursed mass
 26420 | Abyss:1  | Fell from the grace of Vehumet
 26420 | Abyss:1  | Became a worshipper of Lugonu the Unformed
 26420 | Abyss:1  | Reached * piety under Lugonu
 26423 | D:11     | Escaped the Abyss
 27191 | D:11     | Killed Sonja
 28463 | D:12     | Found a staircase to the Orcish Mines.
 28751 | D:12     | Reached skill level 1 in Invocations
 29440 | D:13     | Found a gate leading to a gauntlet.
 29446 | Gauntlet | Entered a Gauntlet
 29446 | Gauntlet | Found a transporter.
 29630 | Gauntlet | Found a transporter.
 29632 | Gauntlet | Found a transporter.
 29634 | Gauntlet | Found a transporter.
 29640 | Gauntlet | Found a transporter.
 29646 | Gauntlet | Found a transporter.
 29649 | Gauntlet | Found a transporter.
 29654 | Gauntlet | Found a transporter.
 29657 | Gauntlet | Found a transporter.
 29658 | Gauntlet | Found a transporter.
 29666 | Gauntlet | Found a transporter.
 29671 | Gauntlet | Found a transporter.
 29672 | Gauntlet | Found a transporter.
 29680 | Gauntlet | Found a transporter.
 30134 | Gauntlet | Reached skill level 12 in Ice Magic
 30623 | Gauntlet | Identified the ring "Tocerr" {MP+9 Stlth+}
 30751 | Gauntlet | Identified the +7 quarterstaff of the Ten People {protect,
                  | rPois Int+4}
 30774 | Gauntlet | Identified the +3 whip "Viplus" {speed, rN+++ Will+++ Int-3
                  | Dex-3}
 31765 | D:14     | Found a gate to the Vaults.
 31765 | D:14     | Noticed Nessos
 31765 | D:14     | Noticed Rupert
 32077 | Orc:1    | Entered Level 1 of the Orcish Mines
 32261 | D:12     | Reached ** piety under Lugonu
 32980 | Orc:2    | Entered Level 2 of the Orcish Mines
 33486 | Orc:2    | Reached *** piety under Lugonu
 33576 | Orc:2    | Reached XP level 15. HP: 98/118 MP: 7/28
 33591 | Orc:2    | Reached skill level 10 in Spellcasting
 34130 | Orc:2    | Found a runed translucent gate.
 34131 | Orc:2    | Found a runed translucent gate.
 34135 | Orc:2    | Found an opulent altar of Gozag.
 34135 | Orc:2    | Found a runed translucent gate.
 34135 | Orc:2    | Found Zuatzen's Assorted Antiques.
 34135 | Orc:2    | Noticed Tiny's ghost (journeyman SpFi)
 34507 | Orc:2    | Found Hotsunna's Antique Armour Shoppe.
 34507 | Orc:2    | Found Seol Ylos's General Store.
 34507 | Orc:2    | Found Zefrow's Antique Armour Shop.
 34510 | Orc:2    | Found Ticelerr's Magic Scroll Emporium.
 34524 | Orc:2    | Bought the +3 pair of gauntlets of War {Slay+5} for 1662
                  | gold pieces
 34524 | Orc:2    | Bought a steaming cloak for 332 gold pieces
 34524 | Orc:2    | Identified the +0 cloak "Yseetz" {Str+2} (You bought it in
                  | a shop on level 2 of the Orcish Mines)
 34524 | Orc:2    | Found the +3 pair of gauntlets of War {Slay+5}
 34797 | Orc:2    | Reached **** piety under Lugonu
 35390 | Orc:2    | Found a staircase to the Elven Halls.
 36283 | Lair:3   | Identified the ring of the First Friends {rPois rN+ rCorr
                  | Int+3}
 36473 | D:13     | Reached skill level 10 in Summonings
 37020 | D:15     | Entered Level 15 of the Dungeon
 37020 | D:15     | Found a frozen archway.
 37206 | D:15     | Learned a level 6 spell: Shadow Creatures
 37209 | D:15     | Learned a level 2 spell: Passwall
 37598 | D:15     | Found an opulent altar of Gozag.
 37600 | D:15     | Found an opulent altar of Gozag.
 37601 | D:15     | Found an opulent altar of Gozag.
 37611 | D:15     | Found an opulent altar of Gozag.
 37645 | D:15     | Found a staircase to the Depths.
 37651 | D:15     | HP: 2/119 [ettin skeleton (16)]
 37961 | D:14     | Found an ancient bone altar of Kikubaaqudgha.
 38028 | D:14     | Killed Rupert
 38144 | D:14     | Noticed Kirke
 38157 | D:14     | Killed Kirke
 38265 | D:14     | Reached ***** piety under Lugonu
 38490 | D:14     | Reached skill level 5 in Translocations
 38784 | D:14     | Was forgiven by Vehumet
 39164 | D:14     | Killed Nessos
 39636 | D:14     | Found the +3 giant club "Skullcrusher" {speed, Str+7}
 39986 | Swamp:1  | Entered Level 1 of the Swamp
 40318 | Swamp:1  | Reached skill level 1 in Shields
 40748 | Swamp:1  | Reached XP level 16. HP: 108/127 MP: 9/30
 40972 | Swamp:1  | Identified the +1 robe of the Realm of Zot {-Cast rPois
                  | Dex+5 Stlth+}
 41645 | Swamp:1  | Identified the +6 scythe of Cobwebs {vorpal, Will+ Str+4
                  | Stlth-}
 41874 | Swamp:2  | Noticed a thorn hunter
 42054 | Swamp:2  | Killed a thorn hunter
 42055 | Swamp:2  | Reached skill level 13 in Ice Magic
 42695 | Swamp:2  | Noticed a tentacled monstrosity
 42891 | Spider:1 | Entered Level 1 of the Spider Nest
 43439 | Spider:1 | Learned a level 4 spell: Hailstorm
 43619 | Spider:1 | Reached ****** piety under Lugonu
 44131 | Spider:1 | Reached skill level 1 in Conjurations
 44946 | Spider:2 | Reached skill level 5 in Invocations
 45053 | Spider:2 | Upgraded the game from 0.27-a0-1026-gbab068f60c to
                  | 0.27-a0-1046-g98bf31544f
 45527 | Spider:2 | Found a runed translucent door.
 45527 | Spider:2 | Found a shimmering altar of Xom.
 45527 | Spider:2 | Noticed dricus's ghost (adept DjAE)
 46989 | Spider:3 | Found a runed translucent door.
 46989 | Spider:3 | Noticed Egusewex's ghost (adept GnWn)
 47114 | Spider:3 | Noticed Arachne
 47187 | Spider:3 | Killed Arachne
 47188 | Spider:3 | Reached XP level 17. HP: 108/135 MP: 10/32
 48006 | Spider:4 | Entered Level 4 of the Spider Nest
 48006 | Spider:4 | Noticed Louise
 48502 | Spider:4 | Reached skill level 10 in Evocations
 48704 | Spider:4 | Louise changed into something unseen
 48706 | Spider:4 | Noticed Louise
 48718 | Spider:4 | Killed Louise the ghost moth
 50106 | Spider:4 | Identified Roxanne's Handbook of the Rocks
 50106 | Spider:4 | Noticed Roxanne
 50492 | Spider:4 | Got a gossamer rune of Zot
 50810 | Spider:4 | Killed Roxanne
 50906 | Spider:4 | Upgraded the game from 0.27-a0-1046-g98bf31544f to
                  | 0.27-a0-1048-g7ee7857c10
 51144 | Vaults:1 | Entered Level 1 of the Vaults
 51191 | Vaults:1 | Found Vaxzao Ixiju's Weapon Boutique.
 51413 | Vaults:1 | Cast into level 3 of the Abyss (a wizard)
 51457 | Vaults:1 | Escaped the Abyss
 52416 | Vaults:2 | Reached skill level 10 in Long Blades
 52832 | Vaults:1 | Reached skill level 14 in Ice Magic
 52887 | Vaults:1 | Reached skill level 5 in Conjurations
 53164 | Vaults:1 | Reached XP level 18. HP: 143/143 MP: 14/33
 54229 | Vaults:2 | Noticed a lich
 54229 | Vaults:2 | Noticed an ancient lich
 54233 | Vaults:2 | Corrupted Vaults:2
 54243 | Vaults:2 | Killed a lich
 54253 | Vaults:2 | Killed an ancient lich
 55179 | Vaults:2 | Found a staircase to the Crypt.
 55332 | Vaults:2 | Found a runed translucent gate.
 55332 | Vaults:2 | Found a runed translucent gate.
 56493 | Vaults:2 | Identified the +2 robe of Precision Catastrophes {-Cast
                  | Dex+4 SInv}
 56507 | Vaults:2 | Found a radiant altar of Vehumet.
 56507 | Vaults:2 | Noticed a lich
 56519 | Vaults:2 | Killed a lich
 56524 | Vaults:2 | Identified the +2 hat of Midsummer {Int+5}
 56562 | Vaults:2 | Noticed Boris
 57035 | Swamp:2  | Corrupted Swamp:2
 57043 | Swamp:2  | Killed a tentacled monstrosity
 57061 | Swamp:2  | Demolished by a bunyip

Illustrated notes

Levels and vault maps discovered:
D:1:      minmay_arrival_loop, layout_loops_ring, serial_shops, shop,
          basic_ecumenical_altar
D:2:      layout_rooms
D:3:      layout_basic, lemuel_tele_altar, serial_bayou_pond_b
D:4:      layout_gridville, gammafunk_ghost_gnarly_gnolls, grunt_ministairs_11
D:5:      layout_loops_corners, general_overflow_altar
D:6:      layout_loops_corners, led_sif_pool, lemuel_crystal_altar,
          minmay_temple_entry_gardened_gates, ebering_ghost_sewer_f,
          lightli_orcish_oven
D:7:      gammafunk_beogh_shrine, layout_loops_ring,
          nicolae_overflow_hidden_temple, ebering_ghost_rock_garden, uniq_harold
D:8:      layout_cave_pools, grunt_dithmenos_shadows, minmay_lair_entry_grove,
          serial_co_window_serial, co_window_corner_a,
          co_window_of_opportunity_a, co_window_paths_b,
          co_window_of_opportunity_a, co_window_corner_a, co_window_corner_a,
          co_window_corner_a, co_window_unsneaky_path_e, co_window_corner_ca,
          co_window_unsneaky_path_b, co_window_2corner, co_window_corner_ca,
          co_window_corner_cb, co_window_corner_cb, glass_columns_b,
          glass_columns_c
D:9:      minmay_clustersquares, layout_basic, serial_bayou,
          serial_bayou_ford_a, serial_bayou_pond_d, serial_bayou_lagoon_a,
          serial_bayou_crossing, serial_bayou_pond_a, serial_shops,
          nicolae_shop_stone, hangedman_minor_magic, uniq_psyche
D:10:     layout_cross, amcnicky_altar_gilded, kennysheep_little_box,
          corexii_checkpoint_b, hangedman_pestilent_swarm, uniq_maggie
D:11:     layout_gridville, feat_on_display, uniq_sonja
D:12:     layout_cave_pods, david_orc_2, grunt_decor_mini_mirrors
D:13:     layout_loops_ring, gauntlet_entry_generic
D:14:     layout_basic, david_vaults_3, kiku_gazebo_pond_becter,
          minmay_guarded_unrand_skullcrusher, uniq_kirke
D:15:     gammafunk_depths_entry_grave, layout_grid_maze,
          nicolae_gozag_conspicuous_consumption, portal_ice_cave_rime
Temple:   minmay_temple_bridge_abc
Lair:1:   layout_layer_cave, grunt_megastairs_1, serial_bayou_shore_b
Lair:2:   layout_regular_city, swamp_mist_pool
Lair:3:   statuecave_lemuel, layout_loops_ring, spider_nest_entry_webs,
          serial_bayou_shore_a, uniq_urug
Lair:4:   layout_loops_ring, guppyfry_lair_drakes, infiniplex_staircase_pool,
          minmay_lair_oklob_chamber, lemuel_fruit_tree
Lair:5:   layout_regular_city, slime_dummy, lemuel_old_faithful,
          grunt_megastairs_5
Lair:6:   evilmike_catoblepas_cave, layout_gridlike, nzn_sisyphean_effort,
          uniq_nessos, uniq_rupert
Swamp:1:  layout_basic_swamp, serial_swamp_ruin, evilmike_swamp_ruin_rubble_2,
          evilmike_swamp_ruin_house_1, evilmike_swamp_ruin_house_2, swamp_pool5,
          worms_lemuel
Swamp:2:  layout_falls_marsh, evilmike_swamp_ruin_house_3
Spider:1: layout_spider_delve
Spider:2: layout_spider_delve, ebering_ghost_xom
Spider:3: layout_chambers, gammafunk_ghost_grave, uniq_arachne
Spider:4: grunt_spider_rune_circles, uniq_roxanne, uniq_louise
Orc:1:    layout_caves
Orc:2:    st_orc_rangers, layout_caves, ebering_ghost_gozag, basic_altar,
          mines1_david
Vaults:1: vaults_standard_mumra_x, vaults_room_octagon, v_misc_11,
          special_room_vaults [special_room_orc], v_rooms_5,
          vaults_standard_mumra_enter_the_diamond, vaults_room_boxed, v_misc_27,
          vaults_dpeg_spiral, layout_vaults_omnibox, serial_shops,
          shop_fountains
Vaults:2: gammafunk_vaults_ghost_crypt, ontoclasm_vaults_ligature,
          grunt_tower_of_power, v_pattern_1, nicolae_vaults_little_squares_6,
          ontoclasm_vaults_ring_large, ontoclasm_vaults_ring_large,
          blue_anna_dwarven_crypt, ontoclasm_vaults_loading_screen,
          nicolae_vaults_twisting_passages, nicolae_vaults_circle_grid_a,
          ontoclasm_vaults_eye, nicolae_vaults_little_squares_3,
          layout_vaults_ring, uniq_boris

Skill      XL: |  1  2  3  4  5  6  7  8  9 10 11 12 13 14 15 16 17 |
---------------+----------------------------------------------------+-----
Ice Magic      | 5 6 7 8 9 10 11 12 13 14 | 14.3
Fighting       | 1 2 3 4 5 6 7 8 9 10 11 12 13 | 13.4
Armour         | 1 2 3 4 5 6 7 8 9 10 11 12 13 | 13.4
Dodging        | 3 4 5 6 7 8 9 10 11 12 | 12.7
Spellcasting   | 3 4 5 6 7 8 9 10 11 | 11.8
Throwing       | 1 2 3 4 5 6 |  6.0
Stealth        | 2 3 4 5 |  5.0
Evocations     | 2 3 4 5 7 8 9 10 | 10.0
Summonings     | 1 4 5 7 8 9 10 11 12 | 12.4
Long Blades    | 2 5 6 8 9 10 | 10.5
Translocations | 3 5 |  5.0
Invocations    | 2 4 5 6 |  6.8
Shields        | 1 4 |  4.0
Conjurations   | 2 5 |  5.7

Action                   |  1- 3 |  4- 6 |  7- 9 | 10-12 | 13-15 | 16-18 || total
-------------------------+-------+-------+-------+-------+-------+-------++-------
Melee: Dagger            |     8 |       |       |       |       |       ||     8
       Unarmed           |     1 |       |       |       |       |       ||     1
       Short sword       |    30 |       |       |    47 |       |       ||    77
       Spear             |       |    45 |       |       |       |       ||    45
       Trident           |       |    61 |   156 |   232 |     1 |       ||   450
       Scimitar          |       |       |       |    60 |    11 |       ||    71
       Katana            |       |       |       |       |   681 |   558 ||  1239
Throw: Stone             |    11 |    33 |       |       |       |       ||    44
       Boomerang         |       |       |    25 |    29 |       |       ||    54
       Dart              |       |       |     1 |    56 |    44 |    59 ||   160
       Javelin           |       |       |       |       |     1 |       ||     1
 Cast: Freeze            |    34 |    26 |     8 |    26 |     4 |     7 ||   105
       Frozen Ramparts   |     3 |     9 |    13 |    55 |    95 |    69 ||   244
       Summon Ice Beast  |       |       |       |    48 |   201 |       ||   249
       Ozocubu's Refrige |       |       |       |       |    10 |    19 ||    29
       Shadow Creatures  |       |       |       |       |    50 |   184 ||   234
       Hailstorm         |       |       |       |       |       |    22 ||    22
       Blink             |       |       |       |       |       |     3 ||     3
Invok: Depart the Abyss  |       |       |       |       |     1 |     1 ||     2
       Corrupt           |       |       |       |       |       |     2 ||     2
 Abil: Shaft Self        |     1 |       |     3 |     5 |       |       ||     9
       Hop               |       |       |       |     3 |    24 |    15 ||    42
Evoke: Wand              |       |       |    11 |    11 |    10 |    14 ||    46
       Piece from Xom's  |       |       |       |     1 |     2 |       ||     3
       Box of beasts     |       |       |       |       |       |     3 ||     3
  Use: Scroll            |       |     7 |     2 |    17 |    20 |     8 ||    54
       Potion            |       |       |     1 |     1 |     9 |     1 ||    12
 Stab: Sleeping          |     3 |     1 |       |       |     1 |     3 ||     8
       Distracted        |       |       |       |     3 |    10 |     3 ||    16
       Petrified         |       |       |       |       |     1 |       ||     1
       Paralysed         |       |       |       |       |       |     2 ||     2
Armor: Robe              |     7 |       |       |       |    59 |   249 ||   315
       Ring mail         |     8 |    43 |    45 |       |       |       ||    96
       Scale mail        |       |       |    59 |   188 |    45 |       ||   292
       Chain mail        |       |       |       |       |   410 |       ||   410
Dodge: Dodged            |    47 |    55 |    92 |   257 |   458 |   401 ||  1310
Block: Other             |       |       |       |     6 |   221 |       ||   227
       Reflection        |       |       |       |       |    38 |     7 ||    45
       Buckler           |       |       |       |       |    21 |   286 ||   307
       Rpst.: Scimitar   |       |       |       |    14 |       |       ||    14
       Katana            |       |       |       |       |   104 |    82 ||   186

Table legend: (Time is in decaauts)
 A = Elapsed time spent in this place.
 B = Non-inter-level travel time spent in this place.
 C = Inter-level travel time spent in this place.
 D = Time resting spent in this place.
 E = Time spent auto-exploring this place.
 F = Levels seen in this place.
 G = Mean time per level.
                   A        B        C        D        E       F      G
               +--------+--------+--------+--------+--------+-----+--------+
         Total |  61923 |  57877 |   4046 |    627 |  48073 |  35 | 1769.2 |
       Dungeon |  26115 |  23799 |   2316 |    273 |  19565 |  15 | 1741.0 |
        Temple |     72 |     48 |     24 |      0 |     31 |   1 |   72.0 |
          Lair |  13534 |  12745 |    789 |    114 |  11200 |   6 | 2255.7 |
         Swamp |   2852 |   2700 |    152 |      0 |   2240 |   2 | 1426.0 |
   Spider Nest |   7804 |   7478 |    326 |     11 |   6359 |   4 | 1951.0 |
  Orcish Mines |   3951 |   3682 |    269 |     28 |   2811 |   2 | 1975.5 |
        Vaults |   5940 |   5772 |    168 |     19 |   4706 |   2 | 2970.0 |
         Abyss |    243 |    243 |      0 |      0 |    120 |   2 |  121.5 |
      Gauntlet |   1409 |   1409 |      0 |    181 |   1039 |   1 | 1409.0 |
               +--------+--------+--------+--------+--------+-----+--------+

Top non-repeatable levels by time:
  Lair:3: 3198 daAuts
Vaults:1: 3156 daAuts
Spider:3: 3085 daAuts
   Orc:2: 2862 daAuts
     D:7: 2832 daAuts
Vaults:2: 2783 daAuts
     D:9: 2554 daAuts
 Swamp:1: 2522 daAuts
  Lair:1: 2357 daAuts
    D:12: 2336 daAuts
  Lair:6: 2327 daAuts
    D:13: 2299 daAuts
Spider:4: 2169 daAuts
    D:14: 2126 daAuts
  Lair:2: 2053 daAuts
